nht, chaotic female elven Wizard ------ --------- |..... ........| |....{... ------------- -------------....{.... -...................------------ ------------.(.................- -..............S..............---------................i............- -.............<..................d..........e.....................- --...................h.........................!........@........-- --.(.................a...........d..:...........h..............-- --......y.........q.....................................%....-- --........e.....................M....................e.......-- --.....i............G.................(......f........../....).-- --...%...........................M...........................@...-- -..............?..............+...d...*......eY..:................- -...........*.......v.u.......---------..>......*...................- -............./.....------------ ------------f.....R............- |....{....------------- -------------..@.{@...| |........ .........| --------- ---------- nht the Conjurer Experience level: 3 Strength: 12 Dexterity: 15 Constitution: 14 Intelligence: 16 Wisdom: 7 Charisma: 11 Health: 0(26) Energy: 11(27) Def: 1 Gold: 679 Moves: 538 Dungeon seed: eml_xyyb216RiAsN Game ID: nht_1433152019 Your Inventory: Coins $ - 679 gold pieces Weapons a - a blessed +1 quarterstaff x - a +0 dwarvish mattock (weapon in hands) Armor e - a blessed +0 cloak of magic resistance (being worn) Comestibles r - an uncursed cram ration z - an uncursed food ration Scrolls h - 2 uncursed scrolls of identify j - an uncursed scroll of enchant weapon w - an uncursed scroll of teleportation A - an uncursed scroll of light E - an uncursed scroll of amnesia Spellbooks l - a blessed spellbook of magic missile m - an uncursed spellbook of extra healing o - a blessed spellbook of blank paper v - an uncursed spellbook of detect monsters Potions g - 2 blessed potions of oil q - 2 blessed potions of booze t - an uncursed potion of invisibility Rings c - an uncursed +1 ring of protection d - an uncursed ring of stealth Wands b - a wand of speed monster (0:4) u - a wand of enlightenment (0:14) F - a wand of undead turning (0:4) Tools f - an uncursed wooden harp n - a magic marker (0:30) Gems y - an uncursed amber stone Spells known in the end: Name Level Category Fail Memory a - force bolt 1 attack 0% 98% b - magic missile 2 attack 0% 98% c - extra healing 3 healing 99% 98% d - detect monsters 1 divination 0% 98% e - healing 1 healing 0% 98% Your skills at the end: Fighting Skills Weapon Skills quarterstaff [Basic] Spellcasting Skills attack spells [Basic] enchantment spells [Basic] Final Attributes: You were piously aligned. You were magic-protected. You had infravision. You were fast. You were lucky. You are dead. Vanquished creatures: a jaguar a dwarf a kobold lord an acid blob 2 coyotes a hobbit a yellow mold a kobold a goblin a grid bug 2 newts 13 creatures vanquished. Voluntary challenges: You went without food. You used a wielded weapon 15 times, starting on turn 8. You read items or engraved 8 times, starting on turn 17. You never genocided any monsters. You never polymorphed an object. You never changed form. You used no wishes. You never split a pudding. You wrote Elbereth's name 2 times, starting on turn 535. You never violated your personal moral code. You disabled loading bones files. Dungeon overview: The Dungeons of Doom: levels 1 to 13 Level 1 a fountain a long staircase Level 2 a fountain Level 3 Level 4 an altar to Anhur stairs to The Gnomish Mines Level 5 Level 6 Level 7 (throne) Level 8 Level 9 (shop) Level 10 (chauns) Level 11 a delicatessen, a fountain Level 12 (whitecorn) Level 13 <- You were here many fountains The Gnomish Mines: Level 5 stairs to The Dungeons of Doom History has recorded: On T:1 you entered the Dungeons of Doom to retrieve the Amulet of Yendor! On T:62 you reached level 2 of The Dungeons of Doom. On T:165 you reached level 3 of The Dungeons of Doom. On T:217 you reached level 4 of The Dungeons of Doom. On T:243 you reached level 5 of The Dungeons of Doom. On T:314 you advanced to experience level 2. On T:316 you reached level 1 of The Gnomish Mines. On T:347 you advanced to experience level 3. On T:351 you reached level 6 of The Dungeons of Doom. On T:366 you reached level 7 of The Dungeons of Doom. On T:371 you reached level 8 of The Dungeons of Doom. On T:390 you reached level 9 of The Dungeons of Doom. On T:409 you reached level 10 of The Dungeons of Doom. On T:425 you reached level 11 of The Dungeons of Doom. On T:510 you reached level 12 of The Dungeons of Doom. On T:513 you reached level 13 of The Dungeons of Doom. Score breakdown: Gold: 679 ( 9635 points) Experience: 3 levels ( 7878 points) Exploration: 13 levels ( 25.00%) (14552 points) Discoveries: 6 items ( 2.16%) ( 4407 points) Valuables value: (no points given unless you survive) Artifact value: 0 ( 0 points) Variety of kills: 11 monsters ( 2.90%) ( 5110 points) Time penalty: 538 turns ( 0 points) Survival: died (score multiplied by 80%) Total score: 33265 Latest messages: You write in the dust with your fingers. The tengu turns to flee! The soldier zaps a steel wand! The jaguar is killed by the bolt of cold! The bolt of cold hits you! You die... Final status: Goodbye nht the Wizard, killed by a bolt of cold... You died in The Dungeons of Doom on dungeon level 13 with 33265 points, and 679 pieces of gold, after 538 moves. You were level 3 with a maximum of 26 hit points when you died.